 Dungeon Crawl Stone Soup version 0.31-a0-210-gccc998df9b (webtiles) character file.

Game seed: 7333236879890223179

1324 qw the Skirmisher (level 8, -9/71 HPs)
             Began as a Minotaur Hexslinger on June 30, 2023.
             Mangled by Maggie
             ... wielding a +1 war axe of distortion
              (20 damage)
             ... on level 6 of the Dungeon.
             The game lasted 00:02:10 (5673 turns).

qw the Skirmisher (Minotaur Hexslinger)             Turns: 5673, Time: 00:02:11

Health: -9/71      AC:  4    Str: 13    XL:     8   Next: 33%
Magic:  8/8        EV: 18    Int: 10    God:
Gold:   296        SH:  0    Dex: 15    Spells: 8/9 levels left

rFire   + . .        Y - +2 sling
rCold   . . .        (no shield)
rNeg    . . .        d - +2 robe {rF+}
rPois   .            (helmet restricted)
rElec   .            (no cloak)
rCorr   .            (no gloves)
SInv    +            (no boots)
Will    .....        g - amulet of the acrobat
Stlth   +            a - ring of see invisible
HPRegen 0.31/turn    l - +5 ring of evasion
MPRegen 0.11/turn

%: acrobat
@: no status effects
A: horns 2, retaliatory headbutt
a: no special abilities


You were on level 6 of the Dungeon.
You visited 1 branch of the dungeon, and saw 6 of its levels.

You collected 296 gold pieces.


Innate Abilities, Weirdness & Mutations

You have a pair of horns on your head.
You reflexively headbutt those who attack you in melee.


   Skills:
 - Level 6.3 Fighting
 + Level 9.5 Ranged Weapons
 - Level 3.0 Dodging
 - Level 1.0 Spellcasting
 - Level 2.0 Hexes


You had 8 spell levels left.
You knew the following spells:

 Your Spells              Type           Power      Damage    Failure   Level
a - Slow                  Hex            16%        N/A       16%         1

Your spell library contained the following spells:

 Spells                   Type           Power      Damage    Failure   Level
 Inner Flame              Hex/Fire       2%         N/A       56%         3
 Portal Projectile        Hex/Tloc       4%         N/A       56%         3
 Cause Fear               Hex            2%         N/A       83%         4

Inventory:

Hand Weapons
 Y - a +2 sling (weapon)
Armour
 c - a +0 leather armour of cold resistance
 d - a +2 robe of fire resistance (worn)
Jewellery
 a - a ring of see invisible (left hand)
 b - a ring of protection from cold
 g - an amulet of the acrobat (around neck)
 l - a +5 ring of evasion (right hand)
Scrolls
 e - a scroll of enchant armour
 f - 3 scrolls of identify
 o - a scroll of butterflies {unknown}
Potions
 h - 2 potions of mutation {unknown}
 k - 2 potions of ambrosia {unknown}
 m - a potion of haste
 p - a potion of cancellation {unknown}

Dungeon Overview and Level Annotations

Branches:
Dungeon (6/15)
 Temple: D:4-7

Altars:
Yredelemnul

Shops:
D:2 :

Annotations:
D:2 1 runed translucent door, Crazy Yiuf
D:4 1 runed translucent door
D:6 Maggie


Message History

Enter note:
Enter note:
Enter note:
Enter note:
Enter note:
Enter note:
Enter note:
Enter note:
Enter note:
Enter note: You shoot a sling bullet.
The sling bullet closely misses Maggie.
You shoot a sling bullet. The sling bullet closely misses Maggie.
Maggie drinks a potion.
Maggie seems to grow stronger.
You shoot a sling bullet. The sling bullet barely misses Maggie.
Maggie gestures wildly while chanting.
Maggie attempts to bespell you!
You easily resist.
You shoot a sling bullet. The sling bullet hits Maggie.
Maggie is lightly wounded.
You shoot a sling bullet. The sling bullet closely misses Maggie.
You shoot a sling bullet.
The sling bullet hits Maggie but does no damage.
Maggie is lightly wounded.
Maggie barely misses you.
You shoot a sling bullet. The sling bullet hits Maggie.
Maggie is lightly wounded.
Maggie gestures at you while chanting. The bolt of fire misses you.
You shoot a sling bullet.
The sling bullet hits Maggie but does no damage.
Maggie is lightly wounded.
Maggie hits you with a +1 war axe of distortion!
Space warps around you.
You shoot a sling bullet. The sling bullet barely misses Maggie.
Maggie hits you with a +1 war axe of distortion!!
Space warps around you.
You shoot a sling bullet. The sling bullet hits Maggie!
Maggie is moderately wounded.
Maggie hits you with a +1 war axe of distortion!!
Space warps horribly around you!!
You die...

............ .................
##......## ............#.#..
#.#'#### ########.##.##)...#.##.
#.#.# #......#+##.##....#.##.
##.#.######......................
..........'..........###.####'##.
...########..........###.###.....
.... ###..........#...).......
.... #.......@....#.#....).... ..
#....####@...#.#....).... .
#....# ....# #....#.##. . #....#
....# #....#.##. #....# ....#
#.####.### #....#
#####.#.####.### #....#
........... #....# .#.####.### #.
#....


You could see Maggie (strong).

Vanquished Creatures
  Eustachio (D:4)
  Edmund (D:6)
  An orc warrior (D:6)
  A phantom (D:4)
  4 scorpions (D:5)
  A howler monkey (D:5)
  An orc priest (D:6)
  3 hounds
  A gnoll bouda (D:6)
  Natasha (thrice) (D:2)
  An iguana (D:5)
  A human skeleton (D:4)
  3 orc wizards (D:6)
  8 gnolls
  9 adders
  A white imp (D:6)
  2 ufetubi
  A worm (D:2)
  15 orcs
  5 bats
  6 endoplasms
  2 giant cockroaches
  5 goblins
  6 hobgoblins
  8 jackals
  10 kobolds
  7 quokkas
  6 ball pythons
  2 frilled lizards
  A kobold zombie (D:4)
  6 rats
122 creatures vanquished.

Notes
Turn   | Place    | Note
-------+----------+-------------------------------------------
     0 | D:1      | qw the Minotaur Hexslinger began the quest for the Orb.
     0 | D:1      | Reached XP level 1. HP: 16/16 MP: 1/1
     0 | D:1      | 0 ||| qw: Version: 0.3-a-24-ga2abf7b
     0 | D:1      | 0 ||| qw: Game counter: 7082
     0 | D:1      | 0 ||| qw: Melee chars always use a shield: true
     0 | D:1      | 0 ||| qw: God list: Okawaru
     0 | D:1      | 0 ||| qw: Allow faded altars: false
     0 | D:1      | 0 ||| qw: Do Orc after clearing Dungeon:15 true
     0 | D:1      | 0 ||| qw: Do second Lair branch before Depths: true
     0 | D:1      | 0 ||| qw: Lair rune preference: random
     0 | D:1      | 0 ||| qw: Goals: Normal
     0 | D:1      | 0 ||| PLANNING D:1-11
   199 | D:1      | Reached skill level 3 in Ranged Weapons
   246 | D:1      | Reached XP level 2. HP: 23/23 MP: 2/2
   433 | D:1      | Reached XP level 3. HP: 28/29 MP: 3/3
   595 | D:1      | 595 ||| UPGRADING to +1 robe of fire resistance.
   605 | D:1      | 605 ||| DROPPING +0 robe.
   606 | D:1      | 606 ||| READING scroll labelled VOJIDDAMIWN.
   607 | D:1      | 607 ||| READING 3 scrolls labelled ONATUS NYDWEYWU.
   608 | D:1      | 608 ||| READING scroll labelled ZATILEMIOS.
   612 | D:1      | 612 ||| READING scroll labelled ULA PIMUZO.
   612 | D:1      | Identified a scroll of acquirement
   612 | D:1      | 612 ||| ACQUIRING ring of see invisible
   612 | D:1      | Acquired a ring of see invisible
   614 | D:1      | 614 ||| UPGRADING to ring of see invisible.
   615 | D:1      | 615 ||| READING scroll labelled UREF DANKI.
   666 | D:1      | 666 ||| DRINKING 2 sapphire potions.
   667 | D:1      | 667 ||| READING 2 scrolls of identify.
   667 | D:1      | 667 ||| IDENTIFYING amethyst potion
   668 | D:1      | 668 ||| DROPPING scroll of poison.
   669 | D:1      | 669 ||| DROPPING potion of magic.
   834 | D:2      | Noticed Natasha
   839 | D:2      | Killed Natasha
   840 | D:2      | Reached skill level 4 in Ranged Weapons
   907 | D:2      | Found a faded altar of an unknown god.
   997 | D:2      | Reached XP level 4. HP: 36/36 MP: 4/4
  1197 | D:2      | Found a runed translucent door.
  1198 | D:2      | Noticed Crazy Yiuf
  1423 | D:2      | Noticed Natasha
  1429 | D:2      | Killed Natasha
  1557 | D:2      | Found Woumoir's Book Shoppe.
  1564 | D:2      | Reached skill level 5 in Ranged Weapons
  1564 | D:2      | 1564 ||| DROPPING amulet of magic regeneration.
  1797 | D:2      | Noticed Natasha
  1811 | D:2      | Killed Natasha
  1812 | D:2      | Reached skill level 3 in Fighting
  1812 | D:2      | Reached XP level 5. HP: 22/45 MP: 5/5
  1936 | D:2      | 1936 ||| UPGRADING to amulet of the acrobat.
  1941 | D:2      | 1941 ||| READING scroll labelled JUELUE MEVETH.
  1942 | D:2      | 1942 ||| READING scroll labelled MOFFE HOYPIEDU.
  2078 | D:3      | 2078 ||| READING scroll of enchant armour.
  2078 | D:3      | 2078 ||| ENCHANTING +1 robe of fire resistance.
  2545 | D:3      | 2545 ||| DROPPING +0 leather armour.
  2546 | D:3      | 2546 ||| UPGRADING to +5 ring of evasion.
  2547 | D:3      | 2547 ||| READING 2 scrolls of identify.
  2547 | D:3      | 2547 ||| IDENTIFYING coppery potion
  2548 | D:3      | 2548 ||| DROPPING potion of berserk rage.
  2717 | D:4      | Noticed a phantom
  2728 | D:4      | Noticed a human
  2730 | D:4      | Killed a phantom
  2731 | D:4      | Reached skill level 6 in Ranged Weapons
  2737 | D:4      | Reached XP level 6. HP: 49/51 MP: 6/6
  2845 | D:4      | Found a runed translucent door.
  2908 | D:4      | Noticed Eustachio
  2959 | D:4      | Killed Eustachio
  3139 | D:4      | Found a basalt altar of Yredelemnul.
  3208 | D:4      | 3208 ||| READING scroll labelled SAYRUG SUQY.
  3209 | D:4      | 3209 ||| DRINKING 2 inky potions.
  3223 | D:5      | Entered Level 5 of the Dungeon
  3272 | D:5      | Reached XP level 7. HP: 58/61 MP: 7/7
  3355 | D:5      | Reached skill level 7 in Ranged Weapons
  3365 | D:5      | HP: 15/61 [poisoned by a scorpion]
  3369 | D:5      | HP: 7/61 [poisoned by a scorpion]
  3688 | D:5      | Reached skill level 8 in Ranged Weapons
  3843 | D:5      | Identified the +2 rapier "Elepeshe" {pain, rC+ Str+5}
  4382 | D:5      | 4382 ||| READING scroll labelled XATIM REAW.
  4383 | D:5      | 4383 ||| DRINKING 2 pink potions.
  4402 | D:6      | 4402 ||| Stepping ~*~*~tactically~*~*~ (outnumbered).
  4404 | D:6      | 4404 ||| Stepping ~*~*~tactically~*~*~ (outnumbered).
  4410 | D:6      | Reached skill level 3 in Dodging
  4546 | D:6      | Noticed Edmund
  4578 | D:6      | HP: 14/61 [Edmund/+0 flail of holy wrath (7)]
  4579 | D:6      | 4579 ||| READING scroll of teleportation.
  4580 | D:6      | 4580 ||| DRINKING potion of heal wounds.
  4807 | D:6      | 4807 ||| DRINKING 2 potions of curing.
  4807 | D:6      | 4807 ||| (to cure confusion)
  4808 | D:6      | 4808 ||| DRINKING potion of curing.
  4808 | D:6      | 4808 ||| (to cure confusion)
  4903 | D:6      | Reached XP level 8. HP: 68/68 MP: 8/8
  4931 | D:6      | Reached skill level 9 in Ranged Weapons
  5109 | D:6      | Identified the +4 flail "Lourureo" {heavy, rPois Str+2
                  | Int+2 Dex-4}
  5133 | D:6      | HP: 15/69 [orc warrior/+0 long sword (13)]
  5135 | D:6      | Reached skill level 6 in Fighting
  5138 | D:6      | HP: 14/71 [orc wizard/+0 dagger (1)]
  5144 | D:6      | HP: 9/71 [orc wizard/+0 dagger (1)]
  5485 | D:6      | Killed Edmund
  5663 | D:6      | Noticed Maggie
  5673 | D:6      | HP: 11/71 [Maggie/+1 war axe of distortion (22)]
  5673 | D:6      | Mangled by Maggie

Levels and vault maps discovered:
D:1:      lightli_arrival_statue_moat, layout_rooms
D:2:      cheibrodos_old_hovel, layout_basic, basic_ecumenical_altar,
          serial_shops, shop, kennysheep_generic_room_10, uniq_natasha,
          uniq_crazy_yiuf_cottage
D:3:      layout_loops_cross
D:4:      layout_cave_pools, dk_yredelemnul_ordeal, uniq_eustachio
D:5:      layout_layer_cave
D:6:      layout_basic, minmay_pentangle, uniq_edmund, uniq_maggie

Skill      XL: |  1  2  3  4  5  6  7  8 |
---------------+-------------------------+-----
Ranged Weapons | 3 4 5 6 8 9 |  9.5
Fighting       | 2 3 5 6 |  6.3
Dodging        | 3 |  3.0
Spellcasting   | |  1.0
Hexes          | |  2.0

Action                     |  1- 3 |  4- 6 |  7- 9 || total
---------------------------+-------+-------+-------++-------
   Fire: Sling             |    94 |   209 |   253 ||   556
    Use: Scroll            |     6 |     5 |     2 ||    13
         Potion            |     1 |     1 |     4 ||     6
 Armour: Robe              |    18 |    10 |     8 ||    36
  Dodge: Dodged            |    34 |    65 |   169 ||   268

Table legend:
 A = Non-vault XP
 B = Vault XP
 C = Vault XP percentage of total XP
 D = Non-vault monster count
 E = Vault monster count
 F = Vault count percentage of total count
                 A         B        C        D         E       F
            +---------+---------+-------+---------+---------+-------
      Total |    1464 |     428 |  22.6 |     116 |       6 |   4.9
            +---------+---------+-------+---------+---------+-------
        D:1 |      50 |       0 |   0.0 |      29 |       0 |   0.0
        D:2 |     124 |      37 |  23.0 |      20 |       2 |   9.1
        D:3 |      16 |       0 |   0.0 |       8 |       0 |   0.0
        D:4 |     172 |     218 |  55.9 |      16 |       3 |  15.8
        D:5 |     546 |       0 |   0.0 |      15 |       0 |   0.0
        D:6 |     556 |     173 |  23.7 |      28 |       1 |   3.4
            +---------+---------+-------+---------+---------+-------
